[Event "57th Biel Festival MTO 2024"]
[White "Saravanan,V.."]
[Black "Bilguun,Sumiya"]
[Site "Biel"]
[Round "2.18"]
[Annotator "TA"]
[Result "0-1"]
[Date "2024.07.16"]
[WhiteElo "2266"]
[BlackElo "2466"]
[PlyCount "76"]
[TimeControl "60"]

1. d4 d5 2. c4 e6 3. Nc3 a6 4. cxd5 exd5 5. Bf4 Nf6 6. e3 Nc6 7. Bd3 Bd6 8. Nge2 {[%emt 0:3:31] White is slightly better.} Bxf4 9. Nxf4 O-O 10. O-O Ne7 11. Rc1 c6 12. Na4 Bf5 13. Nc5 Rb8 14. b4 Ne8 15. a4 Bxd3 16. Qxd3 Nc7 17. a5 Nb5 18. Nh5 Re8 19. f4 Kh8 (19... Nd6 20. f5 Nec8 21. f6 $16 )20. g4 Ng8 21. g5 Nd6 22. Ng3 g6 ({Black should play} 22... f6 $15 )23. Rce1 Ne7 24. Qd2 Nef5 25. Nxf5 Nxf5 26. Nd3 (26. Rf3 $15 )h6 27. Ne5 Kg7 28. gxh6+ Nxh6 29. Kh1 Nf5 30. Rg1 Qh4 31. Rg5 Qh3 32. Qg2 Qxg2+ {[%emt 0:0:43] Black is clearly better.} 33. Rxg2 Rh8 34. Nd7 (34. Ree2 $17 )Rbe8 $19 35. Nc5 Re7 (35... Rxe3 36. Rxe3 Nxe3 37. Re2 )(35... Nxe3 36. Rge2 Rh3 37. Nxb7 $11 )36. Rd2 Rh3 (36... Nxe3 37. Rde2 Rh3 38. Nd3 $15 )37. Rd3 (37. Kg2 $17 Rh7 (37... Rexe3 38. Rxe3 Rxe3 39. Nxb7 $15 )38. Rde2 )Rf3 (37... Rhxe3 38. Rdxe3 Nxe3 39. Kg1 $15 )38. Kg1 (38. Kg2 {keeps fighting.} Rxf4 (38... Rfxe3 39. Rdxe3 Rxe3 40. Rxe3 $11 )39. exf4 Rxe1 40. Nxb7 )Rxf4 {[%emt 0:0:24] Weighted Error Value: White=0.18 (very precise) /Black=0.08 (flawless) .  Mistake:       	White=4     	Black=1      Inaccurate:     	White=5     	Black=1      OK:         	White=6     	Black=14     Best:        	White=2     	Black=3} ({Inferior is} 38... Rfxe3 39. Rdxe3 Rxe3 (39... Nxe3 40. Re2 $11 )40. Rxe3 Nxe3 41. Nxb7 $11 )0-1

[Event "57th Biel Festival MTO 2024"]
[White "Nurman,Alua"]
[Black "Deuer,Marius"]
[Site "Biel"]
[Round "2.19"]
[Annotator "RC"]
[Result "1/2-1/2"]
[Date "2024.07.16"]
[WhiteElo "2274"]
[BlackElo "2435"]
[PlyCount "70"]
[TimeControl "60"]

1. e4 c6 2. d4 d5 3. e5 c5 4. Nf3 cxd4 5. Qxd4 Nc6 6. Qf4 e6 7. Bd3 Nb4 8. Nc3 Nxd3+ 9. cxd3 Ne7 10. h4 h5 11. Ne2 Ng6 12. Qg3 Bb4+ 13. Bd2 Bxd2+ 14. Nxd2 Qb6 15. Rb1 Bd7 16. O-O Qb4 17. Nf3 Qg4 18. Rbc1 Bb5 19. Rfd1 a5 20. Ned4 Ba6 21. Rc5 b6 22. Rc6 Rb8 23. b4 axb4 24. Rb1 Bxd3 25. Rxb4 Be4 26. Rcxb6 Rxb6 27. Rxb6 O-O 28. Ra6 Bxf3 29. Nxf3 Qc4 30. Ra7 Nf4 31. Qg5 Qc5 32. Rb7 Ne2+ 33. Kh2 Qxf2 34. Rb2 Rc8 35. a4 d4 1/2-1/2

[Event "57th Biel Festival MTO 2024"]
[White "Materia,Marco"]
[Black "Peycheva,Gergana"]
[Site "Biel"]
[Round "2.20"]
[Annotator "TA"]
[Result "1/2-1/2"]
[Date "2024.07.16"]
[WhiteElo "2453"]
[BlackElo "2266"]
[PlyCount "70"]
[TimeControl "60"]

1. d4 d5 2. c4 e6 3. Nf3 Nf6 4. Nc3 Nbd7 5. Bf4 dxc4 6. e3 $1 Bd6 7. Bg3 (7. Ne5 {is interesting.} Nb6 8. Bxc4 Nxc4 9. Qa4+ )O-O 8. Bxc4 Bxg3 9. hxg3 c5 10. e4 cxd4 11. Qxd4 {[%emt 0:0:12] Black must now prevent 0-0-0.} Nb6 {[%emt 0:10:51] [#] Strongly threatening ...Qxd4.} 12. Bb3 Qxd4 13. Nxd4 Rd8 14. Rd1 Bd7 15. Ke2 Rac8 16. e5 Nfd5 {[%emt 0:6:45] The position is equal.} 17. Ne4 Ba4 18. Nd6 Bxb3 19. axb3 Rb8 20. Rd2 Nc8 21. Ne4 Nce7 22. f4 a6 23. Rc1 h6 24. Rc4 Nc6 25. Kf3 Nxd4+ 26. Rcxd4 Rdc8 {[%emt 0:0:42] Prevents Nc3} 27. Rc4 b5 28. Rcc2 a5 29. Nd6 Rxc2 30. Rxc2 $11 {[%emt 0:0:0][%mdl 4096] Endgame. KRN-KRN} a4 31. Rc5 axb3 32. Rxb5 Rxb5 33. Nxb5 Nb6 34. Nd4 Nc4 35. Nxb3 Nxb2 {[%emt 0:0:4] An even fight not without its subleties.   Weighted Error Value: White=0.04 (flawless) /Black=0.02 (flawless) .  Inaccurate:     	White=1     	---        OK:         	White=7     	Black=19} 1/2-1/2

[Event "57th Biel Festival MTO 2024"]
[White "Collin,Moritz Valentin"]
[Black "Xue,Haowen"]
[Site "Biel"]
[Round "2.21"]
[Annotator "TA"]
[Result "0-1"]
[Date "2024.07.16"]
[WhiteElo "2312"]
[BlackElo "2452"]
[PlyCount "74"]
[TimeControl "60"]

1. d4 Nf6 2. c4 e6 3. Nc3 Bb4 4. e3 O-O 5. Bd2 c5 6. a3 Bxc3 7. Bxc3 Ne4 8. Ne2 {[%emt 0:0:6] The position is equal.} b6 9. d5 (9. dxc5 {simplifies} bxc5 10. f3 Nxc3 11. Nxc3 Ba6 12. f4 )Ba6 10. Qd3 exd5 11. Qxd5 {[%emt 0:0:47] [#]} Qe7 12. Rd1 (12. Qxa8 $2 {perishes.} Nc6 $19 )(12. Qd3 d5 )Nc6 $40 {[%emt 0:1:58][%cal Bb8c6,Bc6e5,Be5d3,Bd3b2][%mdl 160] Black mounts an attack.} 13. Qxd7 (13. b3 {feels hotter.} Rfe8 14. Qxd7 Nd4 15. Rxd4 cxd4 16. Qxe7 Rxe7 17. Bb4 )Qxd7 (13... Qh4 {is interesting.} 14. g3 Qh5 15. Qh3 Qxh3 16. Bxh3 Rad8 )14. Rxd7 Bxc4 15. f3 Nxc3 16. Nxc3 Ne5 17. Re7 Bxf1 18. Rxf1 Nd3+ 19. Ke2 Nxb2 20. Re4 ({Better is} 20. Rb1 $15 Nc4 21. Kd3 Nxa3 22. Ra1 Rfd8+ 23. Ke2 )Rfe8 21. Rg4 (21. Rh4 $17 {was necessary.} Rad8 22. Rb1 )Rad8 {[%emt 0:1:32] White must now prevent ...f5.} 22. Rb1 f5 23. Rf4 Rd3 24. Nd1 (24. Nd5 $17 )Rxd1 $19 25. Rxb2 {[%emt 0:0:5][%mdl 4096] Endgame. KRR-KRR} Rd5 {[%emt 0:0:53] Black is more active.} 26. Rd2 (26. h3 $17 {was worth a try.} )Red8 27. Rxd5 Rxd5 $17 {[%emt 0:0:3] KR-KR} 28. h4 b5 29. e4 (29. g4 $17 {might work better.} )fxe4 $19 30. Rxe4 (30. fxe4 {was the only chance.} Rd4 31. Ke3 )Kf7 31. Rf4+ Ke7 32. Re4+ Kf6 {[%emt 0:0:16] ...Re5 would now be deadly.} 33. f4 $2 (33. Kf2 )Rd6 {[%emt 0:6:35] [#] ...Re6 is the strong threat.} 34. g4 Re6 35. Kf3 g6 36. h5 gxh5 37. g5+ Kf5 {[%emt 0:0:29] Weighted Error Value: White=0.84/Black=0.06 (flawless) .  Mistake:       	White=7     	---        Inaccurate:     	White=2     	Black=1      OK:         	White=4     	Black=16     Best:        	White=1     	Black=5} 0-1

[Event "57th Biel Festival MTO 2024"]
[White "Holzke,Frank"]
[Black "Munkhzul,Turmunkh"]
[Site "Biel"]
[Round "2.22"]
[Annotator "TA"]
[Result "1/2-1/2"]
[Date "2024.07.16"]
[WhiteElo "2450"]
[BlackElo "2232"]
[PlyCount "158"]
[TimeControl "60"]

1. e4 e5 2. Nf3 Nf6 3. Nxe5 d6 4. Nf3 Nxe4 5. Bd3 Nf6 6. h3 Be7 7. O-O O-O 8. c3 {[%emt 0:0:21] C42: Petroff Defence: 3 Nxe5 and unusual White 3rd moves.} Re8 9. Bc2 Nbd7 10. d4 Nf8 11. Bf4 h6 $146 ({Predecessor:} 11... Ng6 12. Bh2 b6 13. c4 Ba6 14. Nbd2 d5 15. Ba4 Rf8 16. Bc6 Rb8 17. Qa4 Qc8 {1-0 Jansa,V (2433)-Studnicka,T (2303) CZE-chT 1819 2018 (5.2)} )12. Bh2 Be6 13. Nbd2 Qc8 14. Re1 N6h7 15. Ne4 Ng6 16. d5 Bd7 17. Nd4 Nf6 18. Qf3 Nxe4 19. Rxe4 Bf6 20. Rae1 Rxe4 21. Bxe4 Qf8 (21... Bxd4 $11 22. cxd4 f5 )22. Nf5 (22. Ne6 $14 {should be considered.} fxe6 (22... Nh4 23. Bh7+ Kh8 24. Qxf6 $16 )23. Bxg6 )Bxf5 23. Qxf5 Re8 24. Bf4 Qe7 25. Bd2 Qd8 26. f4 Nf8 27. b3 {[%emt 0:3:40] [#]} (27. Bc2 $14 {stays ahead.} )Bh4 $1 $17 28. g3 Bxg3 29. Re2 Bh4 30. Qg4 Bf6 31. Qf3 Kh8 32. Kf1 Nd7 33. b4 Nb6 34. Qh5 Qd7 35. Be1 Re7 36. Kg1 (36. Qg4 $17 )Kg8 $19 37. Qf3 Qe8 38. Qd3 Kf8 39. c4 Nd7 40. Bf2 b6 41. Kf1 a5 42. bxa5 bxa5 43. Bf3 Rxe2 44. Bxe2 Kg8 45. Bf3 Nc5 46. Qa3 Qa4 (46... a4 $17 47. h4 (47. Bxc5 dxc5 48. Qd3 Qb8 $19 )h5 )47. Qxa4 $15 Nxa4 48. Be1 Bc3 49. Bd1 Bxe1 50. Bxa4 Bd2 51. f5 Kf8 52. Ke2 Bc1 53. Kf3 Ke7 54. Kg4 Kf6 55. Bd7 Ba3 56. Kf4 h5 57. Be8 Ke7 58. Bc6 Kf6 59. Be8 $1 g5+ 60. fxg6 fxg6 61. Ke4 Kg5 62. Bf7 Kh6 63. Be8 Kg7 64. Kf3 Kh6 65. Ke4 $1 Kg5 66. Bf7 $1 Kf6 67. Be8 h4 68. Bd7 Ke7 69. Bg4 Kd8 70. Be6 a4 71. Bf7 g5 72. Be6 Bc1 73. Bg4 Ke7 74. Bd1 a3 75. Bg4 Kf6 76. Bc8 Bf4 77. Bg4 Bc1 78. Bc8 Bf4 79. Bg4 Bc1 1/2-1/2

[Event "57th Biel Festival MTO 2024"]
[White "Fromm,Marius"]
[Black "Song,Ethan"]
[Site "Biel"]
[Round "2.23"]
[Annotator "RC"]
[Result "0-1"]
[Date "2024.07.16"]
[WhiteElo "2465"]
[BlackElo "2244"]
[PlyCount "110"]
[TimeControl "60"]

1. c4 e6 2. Nc3 d5 3. d4 Nf6 4. cxd5 exd5 5. Bg5 Be7 6. e3 c6 7. Bd3 O-O 8. Nge2 a5 9. Qc2 h6 10. Bh4 Na6 11. a3 b5 12. O-O Bd7 13. Rfc1 Rc8 14. Qd1 Nc7 15. a4 b4 16. Nb1 Ne6 17. Nd2 c5 18. dxc5 Nxc5 19. Bc2 Nfe4 20. Bxe7 Qxe7 21. Nd4 Rfe8 22. Nf1 Qf6 23. Bxe4 dxe4 24. Ng3 Qe5 25. b3 f5 26. Nge2 Nd3 27. Rxc8 Rxc8 28. Ra2 f4 29. exf4 Nxf4 30. Nxf4 Qxf4 31. Rc2 Rc3 32. g3 Qe5 33. Rxc3 bxc3 34. Nc2 Be6 35. Qd8+ Kh7 36. Qd4 Qxd4 37. Nxd4 Bh3 38. f3 exf3 39. Kf2 Bg2 40. Nc2 Bh3 41. Kxf3 Be6 42. b4 Bf5 43. Nd4 c2 44. Nxc2 Bxc2 45. bxa5 Bxa4 46. a6 Bc6+ 47. Kf4 Kg6 48. Ke5 Kg5 49. h3 Kg6 50. Ke6 Bg2 51. h4 Bh3+ 52. Ke5 Kh5 53. Kf4 Bc8 54. a7 Bb7 55. Kf5 g6+ 0-1

[Event "57th Biel Festival MTO 2024"]
[White "Winkelman,Albert"]
[Black "Amartuvshin,Ganzorig"]
[Site "Biel"]
[Round "2.24"]
[Annotator "TA"]
[Result "1/2-1/2"]
[Date "2024.07.16"]
[WhiteElo "2243"]
[BlackElo "2411"]
[PlyCount "111"]
[TimeControl "60"]

1. e4 c5 2. Nf3 e6 3. d4 cxd4 4. Nxd4 Nc6 5. Nc3 a6 6. Be2 d6 7. O-O Nf6 8. f4 Be7 9. Be3 O-O 10. Bf3 Qc7 11. Kh1 Nxd4 12. Qxd4 Bd7 13. e5 Ne8 14. Bg1 Bc6 15. Be2 Rd8 16. Qe3 g6 17. Bf3 Bxf3 18. Rxf3 Ng7 19. g4 b5 20. a3 f5 21. exf6 Bxf6 22. Raf1 d5 (22... Qb7 $15 )23. Qd2 h5 24. h3 hxg4 25. hxg4 Kf7 26. Kg2 Rh8 27. Bf2 {[%emt 0:1:10] Against Rh4} Qc4 28. Bg3 b4 (28... Ne8 $15 )29. Nd1 bxa3 30. bxa3 Rc8 31. R1f2 Rc6 32. Ne3 Qe4 33. f5 {[%emt 0:0:40] Chess con chili.} gxf5 34. gxf5 d4 (34... Nxf5 $15 35. Nxf5 exf5 )35. fxe6+ $11 Rxe6 36. Nf1 Nh5 37. Qd3 Rg8 38. Qxe4 Rxe4 39. Rf5 Rh4 40. R2f3 Rg6 41. Kf2 Nxg3 (41... Rh3 {is interesting.} 42. Bh2 Ng7 43. Ra5 Rxf3+ 44. Kxf3 Bd8 )42. Rxg3 Rxg3 43. Nxg3 {[%emt 0:1:58][%mdl 4096] Endgame. KRB-KRN} Ke6 44. Ra5 Rf4+ 45. Ke2 Bh4 46. Nh5 Rf7 47. Kd3 Be1 48. Rxa6+ Ke5 49. Nf6 Bh4 (49... Rxf6 $11 50. Rxf6 Kxf6 51. Kxd4 Ke6 )50. Ng4+ $14 Kf4 51. Nh6 Rh7 52. Kxd4 Bg5 53. Ng8 {[%emt 0:0:0] Black must now prevent Nf6.} Rd7+ 54. Kc5 Ke5 55. c4 Be3+ 56. Kc6 {[%emt 0:0:0] Weighted Error Value: White=0.08 (flawless) /Black=0.08 (flawless) .  Mistake:       	---       	Black=4      Inaccurate:     	White=5     	---        OK:         	White=18    	Black=20     Best:        	White=2     	Black=1} 1/2-1/2

[Event "57th Biel Festival MTO 2024"]
[White "Gan-Erdene,Sugar"]
[Black "Jaggy,Matteo"]
[Site "Biel"]
[Round "2.25"]
[Annotator "TA"]
[Result "1-0"]
[Date "2024.07.16"]
[WhiteElo "2424"]
[BlackElo "2211"]
[PlyCount "89"]
[TimeControl "60"]

1. e4 c5 2. Nf3 d6 3. d4 cxd4 4. Nxd4 Nf6 5. Nc3 a6 6. Nb3 e6 7. g4 h6 8. h4 Nc6 {[%emt 0:1:55] The position is equal.} 9. Be3 d5 10. exd5 Nxd5 11. Nxd5 Qxd5 12. Qxd5 exd5 13. f3 Be6 14. O-O-O Be7 15. Be2 O-O-O 16. Kb1 Rhe8 17. Bb6 Rd7 18. Nd4 Nxd4 19. Bxd4 f6 20. Bd3 {[%emt 0:3:29] Bg6 would now be deadly.} Bd6 21. Bg6 Ree7 22. Rhe1 Kc7 23. Re3 Bg8 24. Rb3 Be5 {[%emt 0:5:8] [#] Strongly threatening ...Bxd4.} 25. Bc5 {[%emt 0:4:28] White is much more active.} Bd6 26. Bb6+ Kb8 27. Rbd3 {[%emt 0:6:25] Hoping for Bf5.} Bc7 28. Bc5 Bd6 29. Bxd6+ Rxd6 30. c4 Red7 $2 {[%emt 0:6:56][%mdl 8192] [#] A mistake that costs the game.} (30... Re5 $11 )31. c5 $18 Rc6 32. Be8 Re7 (32... Kc7 $142 33. Bxd7 Kxd7 )33. Bxc6 bxc6 {[%emt 0:0:3][%mdl 4096] Endgame. KRR-KRB} 34. Rb3+ Kc7 35. Ra3 Bh7+ 36. Kc1 Re2 37. Rd4 ({Stronger than} 37. Rxa6 Rc2+ 38. Kb1 Rd2+ 39. Kc1 Rc2+ 40. Kb1 Rd2+ 41. Kc1 Rc2+ $11 )Rc2+ 38. Kd1 Rxb2 $2 (38... Rxc5 39. Rxa6 Bc2+ 40. Ke2 Rb5 )39. Rxa6 {[%emt 0:0:16] White is clearly winning.} Kb7 40. Raa4 Kc8 41. Rdb4 Bc2+ 42. Kc1 Bxa4 43. Kxb2 Bb5 44. a4 Be2 45. Rb6 {[%emt 0:0:10] Weighted Error Value: White=0.09 (flawless) /Black=0.41.  Loses game:     	---       	Black=1      Mistake:       	---       	Black=2      Inaccurate:     	White=2     	Black=8      OK:         	White=12    	Black=11     Best:        	White=5     	Black=1} 1-0

[Event "57th Biel Festival MTO 2024"]
[White "Follesa,Enrico"]
[Black "Juksta,Karolis"]
[Site "Biel"]
[Round "2.26"]
[Annotator "TA"]
[Result "1/2-1/2"]
[Date "2024.07.16"]
[WhiteElo "2241"]
[BlackElo "2400"]
[PlyCount "37"]
[TimeControl "60"]

1. e4 e6 2. d4 d5 3. Nd2 c5 4. exd5 Qxd5 5. Ngf3 cxd4 6. Bc4 Qd7 7. O-O Nc6 8. Nb3 Nf6 9. Nbxd4 Nxd4 10. Nxd4 a6 11. c3 Bd6 12. Bd3 Qc7 13. h3 Bd7 {[%emt 0:25:37] C07: Frans Tarrasch: 3...c5, 4 Pgf3 en 4 exd5 Dxd5.} 14. Qe2 {[%emt 0:7:0] Onnauwkeurig} O-O {[%emt 0:5:28] OK} 15. Re1 {[%emt 0:12:16] Fout (0.8)} ({Wit zou moeten spelen} 15. Bg5 $14 )Bh2+ {[%emt 0:18:10] Onnauwkeurig} 16. Kh1 {[%emt 0:1:25] [#] Sterke dreiging met g3. OK} Bf4 {[%emt 0:1:0] OK} 17. Bxf4 {[%emt 0:4:48] OK} Qxf4 {[%emt 0:0:2] Black is better due to the well-placed bishop on f4 and domination of the center.} 18. Nf3 $146 {[%emt 0:0:17] White can press the advantage with the active knight on d4 and potential threats to the Black queen.} ({Predecessor:} 18. Qe3 Qc7 19. Rad1 Rfd8 20. Rd2 Bc6 21. Red1 Be8 22. c4 b6 23. Kg1 Rac8 24. b3 {1-0 Bernal Varela,N (1916)-Gloth,G (1850) IECG CB.2002.0.00056 email (1)} )Rfd8 {[%emt 0:6:46] White is better now with the active knight on d4 and potential threats to the Black queen. Fout (0.5)} (18... Qc7 $11 {zou overwogen moeten worden.} )19. Ne5 {[%emt 0:5:36] Black is slightly better due to White's weaknesses and the active Black queen.   Blunder waarde: Wit=0.27 (precies) /Zwart=0.15 (erg precies) . Fout (0.5).  Fout:        	Wit=2      	Zwart=1      Onnauwkeurig:    	Wit=1      	Zwart=1      OK:         	Wit=2      	Zwart=2} ({Beter is} 19. Kg1 $1 $14 )1/2-1/2

[Event "57th Biel Festival MTO 2024"]
[White "Tahay,Alexis"]
[Black "Bommini Mounika Akshaya"]
[Site "Biel"]
[Round "2.27"]
[Annotator "RC"]
[Result "1/2-1/2"]
[Date "2024.07.16"]
[WhiteElo "2375"]
[BlackElo "2140"]
[PlyCount "115"]
[TimeControl "60"]

1. e4 c5 2. Nf3 e6 3. d4 cxd4 4. Nxd4 Nf6 5. Bd3 Nc6 6. Nxc6 bxc6 7. Bf4 d5 8. Nd2 a5 9. O-O Ba6 10. Bxa6 Rxa6 11. Re1 Rb6 12. exd5 cxd5 13. c4 Rxb2 14. Be5 Rb7 15. Qa4+ Qd7 16. Qxa5 Bd6 17. Bxf6 gxf6 18. cxd5 Ke7 19. Ne4 Bb4 20. d6+ Bxd6 21. Rad1 Qc7 22. Qh5 Be5 23. Qh4 Rb4 24. f4 Bb2 25. Re2 Rd8 26. Rf1 Qc4 27. Ng3 Qd3 28. Qh5 Bd4+ 29. Kh1 Rb5 30. Qg4 Rdb8 31. h4 Rb1 32. Ree1 Rxe1 33. Rxe1 Rb1 34. Rxb1 Qxb1+ 35. Kh2 Qxa2 36. Qf3 Qb1 37. Qa3+ Kd8 38. Qf8+ Kd7 39. Qxf7+ Kd6 40. Kh3 Qd3 41. Qf8+ Kd7 42. Kh2 Bf2 43. Nh5 Bxh4 44. Nxf6+ Bxf6 45. Qxf6 Qg6 46. Qe5 Ke7 47. Kh3 h5 48. Qc7+ Kf8 49. Qb8+ Kg7 50. Qe5+ Kf7 51. Qc7+ Kg8 52. Qc8+ Kh7 53. Qc7+ Kh6 54. Qe5 Qg4+ 55. Kh2 Kg6 56. Qe4+ Kf6 57. Kg1 h4 58. Qe5+ 1/2-1/2

[Event "57th Biel Festival MTO 2024"]
[White "Smirnov,Mark"]
[Black "Kalogridis,Antonios"]
[Site "Biel"]
[Round "2.28"]
[Annotator "RC"]
[Result "1/2-1/2"]
[Date "2024.07.16"]
[WhiteElo "2203"]
[BlackElo "2391"]
[PlyCount "128"]
[TimeControl "60"]

1. e4 c5 2. Nf3 Nc6 3. d4 cxd4 4. Nxd4 Nf6 5. Nc3 d6 6. Bg5 e6 7. Qd2 a6 8. Nxc6 bxc6 9. O-O-O Be7 10. Bxf6 gxf6 11. Bc4 Rb8 12. Bb3 O-O 13. Qh6 Kh8 14. Rd3 Rg8 15. Rh3 Rg7 16. f4 Qg8 17. Bc4 Rg6 18. Qh5 d5 19. Bd3 e5 20. exd5 Bg4 21. Qh4 e4 22. Nxe4 Bd8 23. f5 Bxf5 24. Re3 cxd5 25. Nd6 Be4 26. Bxe4 dxe4 27. Qxe4 f5 28. Qf4 Bf6 29. c3 Rd8 30. Rd1 Bg5 31. Qe5+ f6 32. Qe7 Rg7 33. Qxd8 Bxe3+ 34. Kc2 Qxd8 35. Nf7+ Rxf7 36. Rxd8+ Kg7 37. b4 Rc7 38. Kd3 Bf4 39. c4 Bxh2 40. c5 a5 41. a3 axb4 42. axb4 Kf7 43. Kc4 Ke6 44. b5 Bg1 45. c6 f4 46. Re8+ Re7 47. Rf8 Bf2 48. Kb4 h5 49. Ra8 Bb6 50. Ra6 Bc7 51. b6 Bd6+ 52. Kb5 h4 53. Ra1 f3 54. gxf3 h3 55. Re1+ Kf7 56. Rc1 h2 57. c7 Re8 58. b7 Bxc7 59. Rxc7+ Re7 60. b8=Q h1=Q 61. Rxe7+ Kxe7 62. Qb7+ Ke6 63. Qe4+ Kf7 64. Kc4 Qc1+ 1/2-1/2

[Event "57th Biel Festival MTO 2024"]
[White "Assaubayeva,Bibisara"]
[Black "Erne,Raphael"]
[Site "Biel"]
[Round "2.29"]
[Annotator "TA"]
[Result "1-0"]
[Date "2024.07.16"]
[WhiteElo "2472"]
[BlackElo "2102"]
[PlyCount "61"]
[TimeControl "60"]

1. c4 c5 2. Nf3 Nc6 3. Nc3 g6 4. e3 d6 5. d4 cxd4 6. exd4 Bg4 7. Be2 Bg7 8. Be3 Nf6 9. h3 Bxf3 10. Bxf3 O-O 11. O-O Qd7 12. Rc1 (12. d5 $16 Ne5 13. Be2 )Rfd8 {[%emt 0:4:56] [#]} (12... e6 $14 )13. d5 $1 $16 Nb8 {[%emt 0:10:3] White is better.} 14. b4 {[%emt 0:2:23] White is more active.} Na6 15. Qb3 Nc7 16. Rfd1 b6 17. Ne2 Qe8 18. Nd4 Rdc8 19. Nc6 Nd7 20. Bg5 {[%emt 0:1:26] Black is weak on the light squares} f6 21. Bf4 {[%emt 0:0:15][%cal Oc4c5] And now c5! would win.} Nb8 $2 (21... Bf8 {is a better chance.} 22. a3 Qf7 )22. c5 $18 {[%emt 0:3:45] White is clearly winning.} bxc5 {[%emt 0:3:47] [#]} 23. Nxe7+ $1 Qxe7 {[%emt 0:0:13] [#]} 24. Bxd6 $1 Qxd6 25. bxc5 (25. Rxc5 $2 a6 26. h4 f5 $19 )Qd7 26. d6+ Ne6 (26... Kh8 $142 27. dxc7 Qxc7 28. Bxa8 f5 )27. Bxa8 Nc6 28. Bxc6 Rxc6 {[%emt 0:0:5] [#]} 29. Qxe6+ $3 Qxe6 30. d7 Rc8 31. Rd6 {[%emt 0:0:11] Black did not feel at home in the position after the opening.   Weighted Error Value: White=0.11 (very precise) /Black=0.44.  Mistake:       	White=1     	Black=3      Inaccurate:     	---       	Black=1      OK:         	White=10    	Black=4      Best:        	White=1     	---        Strong:       	White=1     	---} (31. d8=B $2 {perishes.} Bf8 (31... Qxa2 $2 32. Be7 $19 )32. Rb1 Bxc5 $19 (32... Rxc5 $2 33. Rf1 $19 ))1-0

[Event "57th Biel Festival MTO 2024"]
[White "Krishnan,Ritvik"]
[Black "Razafindratsima,Timothe"]
[Site "Biel"]
[Round "2.30"]
[Annotator "RC"]
[Result "0-1"]
[Date "2024.07.16"]
[WhiteElo "2297"]
[BlackElo "2445"]
[PlyCount "64"]
[TimeControl "60"]

1. e4 c5 2. Nf3 d6 3. d4 cxd4 4. Nxd4 Nf6 5. Nc3 a6 6. Qd3 Nbd7 7. Be2 g6 8. Bg5 Bg7 9. O-O-O Qc7 10. f4 h6 11. Bh4 O-O 12. Nb3 b5 13. a3 Nb6 14. Bf3 Rb8 15. Kb1 Be6 16. e5 dxe5 17. fxe5 Ng4 18. Nd4 Nxe5 19. Nxe6 fxe6 20. Qe4 Na4 21. Be1 g5 22. Kc1 Nxb2 23. Kxb2 Rf4 24. Qe2 b4 25. axb4 Nxf3 26. gxf3 Rfxb4+ 27. Kc1 Qf4+ 28. Rd2 Rb1+ 29. Nxb1 Rxb1+ 30. Kxb1 Qb4+ 31. Kc1 Qb2+ 32. Kd1 Qb1# 0-1

[Event "57th Biel Festival MTO 2024"]
[White "Petkidis,Anthony"]
[Black "Saine,Zachary"]
[Site "Biel"]
[Round "2.31"]
[Annotator "TA"]
[Result "1-0"]
[Date "2024.07.16"]
[WhiteElo "2427"]
[BlackElo "2035"]
[PlyCount "77"]
[TimeControl "60"]

1. e4 c5 2. Nf3 d6 3. d4 cxd4 4. Nxd4 Nf6 5. Nc3 g6 6. Be3 Nc6 7. f3 {[%emt 0:0:45] Wards off Ng4} e5 8. Nb3 Be6 {[%emt 0:0:8] White is better.} 9. Qe2 Bg7 10. O-O-O O-O 11. Qd2 Qc8 $1 12. Kb1 a5 (12... d5 $11 13. Nxd5 (13. exd5 Nxd5 14. Nxd5 Bxd5 $15 )Nxd5 14. exd5 Bxd5 )13. Bb5 ({Not} 13. Qxd6 a4 14. Nc1 (14. Nc5 $2 Rd8 $19 )a3 $15 )Rd8 {[%emt 0:11:49] [#]} (13... d5 $16 )14. Bb6 (14. Na4 $1 $18 )Rd7 $16 15. Nd5 (15. Bf2 $16 )a4 $14 16. Nc1 {[%emt 0:0:28] White is much more active.} a3 17. b3 Qf8 (17... Bxd5 $16 18. exd5 Ne7 )18. Ne2 $18 Rc8 19. c4 ({Better is} 19. h4 $18 )Nh5 (19... Ne8 $16 20. Qc1 f5 21. Qxa3 fxe4 )20. g4 Nf4 21. Nexf4 exf4 22. Nxf4 Qe7 {[%emt 0:2:45] aiming for ...Qf6.} 23. Bxc6 bxc6 {[%emt 0:0:42] [#]} 24. Bd4 Bh6 {[%emt 0:0:53][%cal Oe6g4] [#]} 25. Nxg6 $1 Qg5 ({But not} 25... Bxd2 26. Nxe7+ Rxe7 27. Rxd2 $18 )26. Qxg5 Bxg5 27. h4 $1 Bh6 {[%emt 0:0:5] Inhibits Nf8.} 28. g5 $1 Bxg5 (28... hxg6 29. gxh6 Kh7 )29. Nf8 Rxf8 30. hxg5 {[%emt 0:0:8] Bf6 would kill now.} f5 31. gxf6 {[%emt 0:0:17] Strongly threatening f4.} Rff7 (31... Kf7 {was worth a try.} 32. Rxh7+ Kg6 )32. f4 Rd8 33. f5 Bc8 34. Rdg1+ Kh8 35. Rg5 Re8 36. Rh4 (36. Rhg1 $142 Ref8 37. Rg7 )c5 37. Bc3 Bb7 38. Rgg4 Rg8 {[%emt 0:1:31] [#]} 39. Rxh7+ $3 {[%emt 0:0:44][%mdl 512] Weighted Error Value: White=0.18 (very precise) /Black=0.45.  Mistake:       	White=3     	Black=6      Inaccurate:     	White=2     	Black=2      OK:         	White=15    	Black=9      Best:        	White=2     	Black=1      Strong:       	White=2     	Black=1} 1-0